General information
- name: BNet
- type: Ladder team game (AT/RT)
- host: Battle.net
- saver: WesFSTGDB
map: GoldRush
- players: 8
- length: 52:43
- speed: Fast
- version: 1.26 W3XP
- replay type: Public
» download(450 KB)
Players
team 1 (loser)
nlggerwcrmods (
green | 97 APM | 3800 actions | 39:03)
8 Blademaster
3 Wind Walk
3 Critical Strike
1 Bladestorm
1 Mirror Image
» actions
| Assign group hotkey | 212 | |
| Basic commands | 1 | |
| Build / train | 132 | |
| Enter build submenu | 226 | |
| Enter hero's abilities submenu | 8 | |
| Give item / drop item | 14 | |
| Right click | 1551 | |
| Select / deselect | 527 | |
| Select group hotkey | 576 | |
| Use ability | 552 | |
3800 total
» units
» upgrades
| Spiked Barricades | 3 | |
| Shaman Training | 2 | |
| Reinforced Defenses | 1 | |
| Envenomed Spears | 1 | |
| Ranged Weapons | 2 | |
| Armor | 1 | |
| Ensnare | 1 | |
11 total
» buildings
| Altar of Storms | 1 | |
| Orc Burrow | 3 | |
| War Mill | 6 | |
| Voodoo Lounge | 3 | |
| Watch Tower | 201 | |
| Great Hall | 5 | |
| Stronghold | 1 | |
| Fortress | 1 | |
| Spirit Lodge | 1 | |
| Beastiary | 3 | |
225 total
» build order
00:13 Altar of Storms
00:35 Orc Burrow
00:56 War Mill
01:20 Voodoo Lounge
02:15 Watch Tower
03:07 Orc Burrow
03:10 War Mill
04:03 Great Hall
04:36 Watch Tower
04:37 Watch Tower
05:20 Watch Tower
05:41 Stronghold
06:26 Orc Burrow
07:12 Watch Tower
07:30 Watch Tower
07:31 Watch Tower
07:32 Watch Tower
08:01 Watch Tower
08:58 Fortress
09:07 Watch Tower
09:07 Watch Tower
09:14 Watch Tower
09:15 Watch Tower
09:27 Great Hall
09:46 Watch Tower
09:48 Watch Tower
09:51 Watch Tower
10:28 Watch Tower
10:29 Watch Tower
10:29 Watch Tower
11:06 Spirit Lodge
11:08 War Mill
12:17 Watch Tower
12:26 Beastiary
12:27 Beastiary
12:56 Watch Tower
14:03 Watch Tower
14:03 Watch Tower
14:04 Watch Tower
14:04 Watch Tower
14:53 Watch Tower
14:53 Watch Tower
14:54 Watch Tower
16:05 Watch Tower
16:05 Watch Tower
16:06 Watch Tower
16:44 Watch Tower
17:13 Watch Tower
17:13 Watch Tower
17:13 Watch Tower
17:28 Watch Tower
17:29 Watch Tower
17:29 Watch Tower
17:30 Watch Tower
17:52 Watch Tower
18:18 Watch Tower
18:19 Watch Tower
18:19 Watch Tower
18:20 Watch Tower
18:20 Watch Tower
18:42 Watch Tower
18:42 Watch Tower
18:43 Watch Tower
18:43 Watch Tower
18:44 Watch Tower
18:58 Watch Tower
18:58 Watch Tower
18:58 Watch Tower
18:59 Watch Tower
19:00 Watch Tower
19:30 Beastiary
20:00 Great Hall
20:01 Watch Tower
20:01 Watch Tower
20:02 Watch Tower
20:02 Watch Tower
20:06 Watch Tower
20:25 Watch Tower
20:25 Watch Tower
20:25 Watch Tower
20:26 Watch Tower
20:26 Watch Tower
20:27 Watch Tower
20:28 Watch Tower
20:29 Watch Tower
20:29 Watch Tower
21:09 Watch Tower
21:09 Watch Tower
21:15 Watch Tower
21:16 Watch Tower
21:54 Watch Tower
21:54 Watch Tower
21:55 Watch Tower
21:55 Watch Tower
21:59 War Mill
23:08 Watch Tower
23:09 Watch Tower
23:11 Watch Tower
23:12 Watch Tower
23:42 Watch Tower
23:44 Watch Tower
23:45 Watch Tower
23:46 Watch Tower
23:46 Watch Tower
23:47 Watch Tower
24:15 Watch Tower
24:27 Watch Tower
24:28 Watch Tower
24:28 Watch Tower
24:29 Watch Tower
25:27 Watch Tower
25:27 Watch Tower
25:28 Watch Tower
25:28 Watch Tower
25:30 Watch Tower
25:31 Watch Tower
26:14 Watch Tower
26:15 Watch Tower
26:15 Watch Tower
26:17 Watch Tower
26:17 Watch Tower
26:33 Watch Tower
26:35 Watch Tower
26:44 Watch Tower
26:44 Watch Tower
26:45 Watch Tower
26:45 Watch Tower
26:46 Watch Tower
27:52 Watch Tower
27:52 Watch Tower
27:53 Watch Tower
27:53 Watch Tower
27:54 Watch Tower
27:55 Watch Tower
28:24 Watch Tower
28:25 Watch Tower
28:34 Watch Tower
28:34 Watch Tower
28:35 Watch Tower
28:36 Watch Tower
28:37 Watch Tower
28:57 Watch Tower
28:57 Watch Tower
28:58 Great Hall
29:07 Watch Tower
29:07 Watch Tower
29:07 Watch Tower
29:08 Watch Tower
29:08 Watch Tower
29:09 Watch Tower
29:34 Watch Tower
30:41 Watch Tower
30:42 Watch Tower
30:42 Watch Tower
30:43 Watch Tower
30:56 Watch Tower
30:59 War Mill
31:29 War Mill
32:17 Watch Tower
32:18 Watch Tower
32:18 Watch Tower
32:19 Watch Tower
32:19 Watch Tower
32:20 Watch Tower
32:21 Watch Tower
33:13 Watch Tower
33:13 Watch Tower
33:14 Watch Tower
33:14 Watch Tower
33:15 Watch Tower
33:44 Watch Tower
33:45 Watch Tower
33:45 Watch Tower
33:46 Watch Tower
33:49 Watch Tower
34:33 Watch Tower
34:33 Watch Tower
34:34 Watch Tower
34:52 Watch Tower
34:52 Watch Tower
34:54 Watch Tower
34:54 Watch Tower
34:55 Watch Tower
34:55 Watch Tower
35:23 Watch Tower
35:32 Watch Tower
35:32 Watch Tower
35:41 Watch Tower
35:42 Watch Tower
35:43 Watch Tower
35:43 Watch Tower
35:44 Watch Tower
36:00 Watch Tower
36:00 Watch Tower
36:01 Watch Tower
36:01 Watch Tower
36:02 Watch Tower
36:02 Watch Tower
36:03 Watch Tower
36:04 Watch Tower
36:35 Watch Tower
36:35 Watch Tower
36:36 Watch Tower
36:44 Watch Tower
37:06 Watch Tower
37:08 Watch Tower
37:16 Watch Tower
37:17 Watch Tower
37:17 Watch Tower
37:17 Watch Tower
37:19 Watch Tower
37:21 Watch Tower
37:42 Watch Tower
37:44 Watch Tower
37:48 Watch Tower
37:54 Voodoo Lounge
37:59 Voodoo Lounge
38:32 Great Hall
38:35 Watch Tower
38:35 Watch Tower
38:44 Watch Tower
38:44 Watch Tower
38:45 Watch Tower
38:49 Watch Tower
38:49 Watch Tower
» items
| Circlet of Nobility | 3 | |
| Healing Salve | 7 | |
| Lesser Clarity Potion | 12 | |
| Staff of Teleportation | 1 | |
| Boots of Speed | 1 | |
| Potion of Healing | 14 | |
| Potion of Mana | 13 | |
| Scroll of Town Portal | 3 | |
| Orb of Lightning | 1 | |
| Tiny Great Hall | 2 | |
| Scroll of Regeneration | 2 | |
59 total
tutankamote (
yellow | 109 APM | 5763 actions | 52:40)
8 Demon Hunter
3 Mana Burn
3 Evasion
1 Metamorphosis
1 Immolation
5 Priestess of the Moon
3 Trueshot Aura
2 Searing Arrows
» actions
| Assign group hotkey | 596 | |
| Basic commands | 162 | |
| Build / train | 133 | |
| ESC pressed | 2 | |
| Enter build submenu | 42 | |
| Enter hero's abilities submenu | 13 | |
| Give item / drop item | 6 | |
| Remove unit from queue | 3 | |
| Right click | 2485 | |
| Select / deselect | 750 | |
| Select group hotkey | 1310 | |
| Use ability | 261 | |
5763 total
» units
| Wisp | 29 | |
| Archer | 14 | |
| Hippogryph | 18 | |
| Chimaera | 4 | |
| Troll Batrider | 12 | |
| Raider | 7 | |
84 total
» upgrades
| Improved Bows | 1 | |
| Hippogryph Taming | 1 | |
| Corrosive Breath | 1 | |
| Liquid Fire | 1 | |
4 total
» buildings
| Altar of Elders | 1 | |
| Moon Well | 14 | |
| Ancient of War | 2 | |
| Tree of Ages | 2 | |
| Tree of Life | 3 | |
| Ancient of Wind | 2 | |
| Tree of Eternity | 4 | |
| Chimaera Roost | 2 | |
| Hunter's Hall | 2 | |
| Beastiary | 2 | |
| Orc Burrow | 1 | |
| Watch Tower | 4 | |
39 total
» build order
00:05 Altar of Elders
00:17 Moon Well
00:38 Ancient of War
01:15 Moon Well
01:18 Moon Well
01:55 Ancient of War
03:13 Tree of Ages
03:13 Tree of Ages
04:28 Tree of Life
05:19 Moon Well
05:36 Ancient of Wind
07:52 Ancient of Wind
08:24 Tree of Eternity
08:24 Tree of Eternity
08:24 Tree of Eternity
08:33 Moon Well
08:46 Moon Well
10:47 Chimaera Roost
12:54 Moon Well
13:30 Chimaera Roost
13:33 Moon Well
16:44 Hunter's Hall
17:15 Hunter's Hall
18:21 Tree of Life
18:25 Moon Well
20:20 Moon Well
20:58 Moon Well
20:59 Moon Well
22:40 Moon Well
22:42 Moon Well
23:26 Tree of Life
39:38 Beastiary
39:39 Beastiary
39:41 Orc Burrow
43:45 Watch Tower
43:49 Watch Tower
43:51 Watch Tower
51:35 Watch Tower
» items
| Boots of Speed | 1 | |
| Scroll of Town Portal | 2 | |
| Scroll of Protection | 3 | |
| Scroll of Regeneration | 5 | |
| Orb of Fire | 1 | |
| Healing Salve | 1 | |
13 total

»
Custer (
blue | 37 APM | 1922 actions | 52:38)
7 Blademaster
2 Wind Walk
2 Critical Strike
2 Mirror Image
1 Bladestorm
1 Shadow Hunter
1 Healing Wave
» actions
| Assign group hotkey | 29 | |
| Basic commands | 16 | |
| Build / train | 63 | |
| Enter build submenu | 19 | |
| Enter hero's abilities submenu | 8 | |
| Give item / drop item | 10 | |
| Right click | 697 | |
| Select / deselect | 371 | |
| Select group hotkey | 559 | |
| Use ability | 150 | |
1922 total
» units
| Peon | 9 | |
| Grunt | 4 | |
| Raider | 5 | |
| Shaman | 7 | |
| Troll Batrider | 8 | |
33 total
» upgrades
| Berserker Strength | 1 | |
| Ensnare | 1 | |
| Shaman Training | 2 | |
| Armor | 1 | |
| Melee Weapons | 2 | |
| Pillage | 1 | |
| Reinforced Defenses | 1 | |
9 total
» buildings
| Altar of Storms | 1 | |
| Orc Burrow | 7 | |
| Voodoo Lounge | 1 | |
| War Mill | 1 | |
| Barracks | 1 | |
| Watch Tower | 9 | |
| Stronghold | 1 | |
| Beastiary | 5 | |
| Spirit Lodge | 1 | |
| Fortress | 1 | |
28 total
» build order
00:16 Altar of Storms
00:23 Orc Burrow
01:09 Orc Burrow
01:25 Voodoo Lounge
01:49 War Mill
02:33 Barracks
03:09 Watch Tower
03:34 Watch Tower
03:45 Stronghold
06:17 Beastiary
06:22 Beastiary
06:28 Spirit Lodge
07:14 Fortress
08:37 Orc Burrow
08:38 Orc Burrow
08:38 Orc Burrow
11:45 Orc Burrow
13:20 Watch Tower
13:21 Watch Tower
13:23 Watch Tower
13:32 Orc Burrow
15:31 Watch Tower
15:31 Watch Tower
15:31 Watch Tower
15:32 Watch Tower
40:48 Beastiary
40:54 Beastiary
40:57 Beastiary
» items
| Lesser Clarity Potion | 2 | |
| Scroll of Speed | 2 | |
| Healing Salve | 2 | |
| Potion of Healing | 2 | |
| Scroll of Town Portal | 1 | |
| Orb of Lightning | 1 | |
10 total
lo-lo (
pink | 51 APM | 2709 actions | 52:41)
5 Mountain King
3 Storm Bolt
2 Bash
4 Paladin
2 Holy Light
1 Divine Shield
1 Devotion Aura
» actions
| Assign group hotkey | 25 | |
| Basic commands | 129 | |
| Build / train | 133 | |
| Enter build submenu | 39 | |
| Enter hero's abilities submenu | 9 | |
| Give item / drop item | 2 | |
| Right click | 1312 | |
| Select / deselect | 485 | |
| Select group hotkey | 356 | |
| Use ability | 219 | |
2709 total
» units
| Peasant | 28 | |
| Rifleman | 9 | |
| Mortar Team | 8 | |
| Siege Engine | 5 | |
| Flying Machine | 3 | |
53 total
» upgrades
| Gunpowder | 2 | |
| Long Rifles | 1 | |
| Plating | 1 | |
| Barrage | 1 | |
| Masonry | 1 | |
| Flak Cannons | 1 | |
7 total
» buildings
| Altar of Kings | 1 | |
| Barracks | 1 | |
| Farm | 12 | |
| Lumber Mill | 2 | |
| Blacksmith | 1 | |
| Scout Tower | 77 | |
| Arcane Tower | 1 | |
| Arcane Vault | 1 | |
| Keep | 2 | |
| Guard Tower | 19 | |
| Town Hall | 2 | |
| Workshop | 4 | |
| Castle | 1 | |
| Cannon Tower | 28 | |
152 total
» build order
00:27 Altar of Kings
00:36 Barracks
00:40 Farm
01:12 Lumber Mill
01:24 Blacksmith
01:45 Farm
01:49 Scout Tower
01:53 Scout Tower
02:22 Arcane Tower
02:30 Arcane Vault
03:02 Farm
05:22 Keep
05:25 Farm
05:27 Farm
05:37 Scout Tower
05:39 Scout Tower
05:40 Scout Tower
05:41 Scout Tower
05:43 Scout Tower
07:33 Scout Tower
07:35 Scout Tower
07:36 Scout Tower
07:38 Scout Tower
07:39 Scout Tower
07:40 Scout Tower
07:44 Scout Tower
08:05 Guard Tower
08:20 Guard Tower
08:22 Guard Tower
08:32 Guard Tower
08:38 Guard Tower
08:43 Guard Tower
09:38 Town Hall
10:15 Lumber Mill
11:45 Workshop
11:48 Workshop
13:23 Farm
13:25 Farm
13:25 Farm
13:26 Farm
13:48 Castle
14:58 Farm
14:59 Farm
15:00 Farm
17:46 Workshop
17:52 Workshop
18:41 Scout Tower
18:42 Scout Tower
18:43 Scout Tower
18:46 Scout Tower
18:49 Scout Tower
18:53 Scout Tower
18:58 Scout Tower
19:38 Cannon Tower
19:50 Cannon Tower
19:51 Cannon Tower
20:37 Cannon Tower
23:37 Scout Tower
23:38 Scout Tower
23:39 Scout Tower
25:48 Scout Tower
25:49 Scout Tower
25:50 Scout Tower
25:51 Scout Tower
25:53 Scout Tower
25:54 Scout Tower
25:55 Scout Tower
26:01 Town Hall
26:34 Guard Tower
26:39 Scout Tower
26:49 Scout Tower
26:51 Scout Tower
26:56 Cannon Tower
27:10 Cannon Tower
28:03 Guard Tower
28:04 Cannon Tower
28:31 Scout Tower
28:32 Scout Tower
28:33 Scout Tower
28:35 Scout Tower
28:37 Scout Tower
29:11 Cannon Tower
29:34 Guard Tower
29:56 Guard Tower
30:29 Guard Tower
31:15 Guard Tower
31:26 Scout Tower
31:27 Scout Tower
31:28 Scout Tower
31:30 Scout Tower
31:31 Scout Tower
31:34 Scout Tower
31:38 Scout Tower
31:39 Scout Tower
31:41 Scout Tower
31:42 Scout Tower
31:43 Scout Tower
31:43 Scout Tower
32:01 Guard Tower
33:01 Guard Tower
34:34 Cannon Tower
34:36 Cannon Tower
34:38 Guard Tower
34:39 Guard Tower
34:42 Guard Tower
34:43 Guard Tower
42:28 Scout Tower
42:28 Scout Tower
42:30 Scout Tower
42:32 Scout Tower
42:33 Scout Tower
42:35 Scout Tower
42:37 Scout Tower
42:38 Scout Tower
42:40 Scout Tower
42:41 Scout Tower
42:42 Scout Tower
42:44 Scout Tower
42:46 Scout Tower
42:49 Scout Tower
42:57 Scout Tower
43:01 Scout Tower
43:03 Scout Tower
43:05 Scout Tower
43:07 Scout Tower
43:09 Scout Tower
43:10 Scout Tower
43:11 Scout Tower
43:15 Scout Tower
43:16 Scout Tower
43:18 Scout Tower
43:20 Scout Tower
43:25 Cannon Tower
43:26 Cannon Tower
44:06 Cannon Tower
44:16 Cannon Tower
44:21 Cannon Tower
45:00 Cannon Tower
45:11 Cannon Tower
45:45 Cannon Tower
45:59 Cannon Tower
46:25 Cannon Tower
46:46 Cannon Tower
47:04 Cannon Tower
47:26 Cannon Tower
47:30 Cannon Tower
47:37 Guard Tower
48:22 Cannon Tower
48:24 Cannon Tower
48:29 Cannon Tower
48:48 Cannon Tower
51:21 Keep
» items
| Scroll of Regeneration | 3 | |
| Lesser Clarity Potion | 2 | |
| Potion of Healing | 1 | |
| Orb of Lightning | 1 | |
| Healing Salve | 2 | |
| Scroll of Town Portal | 2 | |
11 total
team 2 (winner)
WesFSTGDB (
purple | 73 APM | 3861 actions | 52:43)
6 Goblin Tinker
3 Pocket Factory
2 Engineering Upgrade
1 Robo-Goblin
2 Dark Ranger
1 Black Arrow
1 Silence
3 Beastmaster
1 Summon Bear
2 Summon Hawk
» actions
| Assign group hotkey | 6 | |
| Basic commands | 677 | |
| Build / train | 138 | |
| ESC pressed | 3 | |
| Enter build submenu | 64 | |
| Enter hero's abilities submenu | 12 | |
| Give item / drop item | 17 | |
| Right click | 1476 | |
| Select / deselect | 817 | |
| Select group hotkey | 405 | |
| Use ability | 245 | |
3861 total
» units
» upgrades
» buildings
| Altar of Kings | 1 | |
| Lumber Mill | 2 | |
| Farm | 5 | |
| Arcane Vault | 2 | |
| Scout Tower | 146 | |
| Guard Tower | 41 | |
| Arcane Tower | 5 | |
| Town Hall | 3 | |
| Keep | 2 | |
| Castle | 2 | |
| Arcane Sanctum | 1 | |
| Blacksmith | 1 | |
| Workshop | 1 | |
| Cannon Tower | 3 | |
215 total
» build order
01:07 Altar of Kings
01:15 Lumber Mill
01:16 Farm
02:02 Arcane Vault
02:29 Farm
02:51 Scout Tower
03:18 Guard Tower
03:21 Scout Tower
03:45 Scout Tower
03:48 Scout Tower
03:50 Scout Tower
03:55 Guard Tower
03:55 Guard Tower
03:57 Scout Tower
04:15 Guard Tower
04:15 Guard Tower
04:27 Guard Tower
04:29 Guard Tower
04:34 Scout Tower
04:36 Scout Tower
04:37 Scout Tower
05:05 Guard Tower
05:06 Guard Tower
05:12 Scout Tower
05:14 Scout Tower
05:17 Scout Tower
05:18 Scout Tower
05:19 Scout Tower
05:20 Scout Tower
06:01 Arcane Tower
06:03 Guard Tower
06:03 Guard Tower
06:37 Guard Tower
06:39 Guard Tower
07:22 Town Hall
07:30 Scout Tower
07:31 Scout Tower
07:36 Scout Tower
07:39 Scout Tower
07:44 Scout Tower
07:47 Scout Tower
08:12 Guard Tower
08:17 Guard Tower
08:22 Guard Tower
08:46 Guard Tower
08:46 Keep
08:47 Keep
12:26 Castle
12:26 Castle
18:34 Town Hall
20:39 Scout Tower
20:42 Scout Tower
20:47 Scout Tower
21:11 Guard Tower
21:13 Scout Tower
21:30 Guard Tower
21:31 Scout Tower
21:33 Scout Tower
21:51 Guard Tower
21:51 Guard Tower
21:57 Scout Tower
21:59 Guard Tower
21:59 Guard Tower
22:01 Scout Tower
22:03 Scout Tower
22:06 Scout Tower
22:08 Scout Tower
22:13 Scout Tower
22:39 Guard Tower
23:03 Guard Tower
23:07 Farm
23:09 Farm
25:24 Arcane Tower
26:52 Scout Tower
26:54 Scout Tower
26:55 Scout Tower
26:55 Scout Tower
26:56 Scout Tower
26:56 Scout Tower
26:57 Scout Tower
26:57 Scout Tower
26:58 Scout Tower
26:58 Scout Tower
26:59 Scout Tower
26:59 Scout Tower
27:00 Scout Tower
27:01 Scout Tower
27:01 Scout Tower
27:01 Scout Tower
27:02 Scout Tower
27:03 Scout Tower
27:03 Scout Tower
27:04 Scout Tower
27:07 Arcane Sanctum
27:08 Scout Tower
27:09 Scout Tower
27:10 Scout Tower
27:10 Scout Tower
27:11 Scout Tower
27:12 Scout Tower
27:12 Scout Tower
27:12 Scout Tower
27:13 Scout Tower
27:13 Scout Tower
27:13 Scout Tower
27:14 Scout Tower
27:14 Scout Tower
27:14 Scout Tower
27:15 Scout Tower
27:15 Scout Tower
27:16 Scout Tower
27:16 Scout Tower
27:17 Scout Tower
27:17 Scout Tower
27:17 Scout Tower
27:17 Scout Tower
27:20 Scout Tower
27:22 Scout Tower
27:22 Scout Tower
27:23 Scout Tower
27:23 Scout Tower
27:24 Scout Tower
27:24 Scout Tower
27:24 Scout Tower
27:26 Scout Tower
27:27 Scout Tower
27:27 Scout Tower
27:27 Scout Tower
27:28 Scout Tower
27:28 Scout Tower
28:02 Guard Tower
28:09 Town Hall
28:28 Scout Tower
28:29 Scout Tower
28:30 Scout Tower
28:30 Scout Tower
28:31 Scout Tower
28:31 Scout Tower
28:32 Scout Tower
28:32 Scout Tower
28:32 Scout Tower
28:33 Scout Tower
28:33 Scout Tower
28:33 Scout Tower
28:36 Scout Tower
28:37 Scout Tower
28:37 Scout Tower
28:37 Scout Tower
28:38 Scout Tower
28:38 Scout Tower
28:39 Scout Tower
28:39 Scout Tower
28:39 Scout Tower
28:40 Scout Tower
28:40 Scout Tower
28:42 Guard Tower
29:23 Guard Tower
29:30 Blacksmith
30:10 Guard Tower
31:00 Workshop
31:49 Cannon Tower
31:53 Guard Tower
31:57 Guard Tower
32:08 Arcane Tower
32:10 Arcane Tower
32:15 Guard Tower
32:46 Guard Tower
33:09 Cannon Tower
33:10 Guard Tower
33:24 Guard Tower
33:46 Scout Tower
33:47 Scout Tower
33:47 Scout Tower
33:48 Scout Tower
33:49 Scout Tower
33:49 Scout Tower
33:50 Scout Tower
33:51 Scout Tower
33:51 Scout Tower
33:52 Scout Tower
33:52 Scout Tower
33:53 Scout Tower
33:53 Scout Tower
33:53 Scout Tower
33:54 Scout Tower
33:54 Scout Tower
33:54 Scout Tower
33:55 Scout Tower
33:55 Scout Tower
33:55 Scout Tower
36:02 Guard Tower
36:04 Scout Tower
36:05 Scout Tower
36:05 Scout Tower
36:06 Scout Tower
36:06 Scout Tower
36:06 Scout Tower
36:06 Scout Tower
36:07 Scout Tower
36:07 Scout Tower
36:07 Scout Tower
36:07 Scout Tower
36:08 Scout Tower
36:08 Scout Tower
38:14 Cannon Tower
38:27 Arcane Tower
40:17 Guard Tower
40:44 Guard Tower
43:01 Guard Tower
44:05 Farm
44:49 Arcane Vault
48:57 Lumber Mill
» items
| Scroll of Regeneration | 1 | |
| Lesser Clarity Potion | 2 | |
| Staff of Teleportation | 2 | |
| Boots of Speed | 2 | |
| Potion of Lesser Invulnerability | 2 | |
| Orb of Lightning | 2 | |
| Healing Salve | 1 | |
| Orb of Fire | 1 | |
| Potion of Mana | 3 | |
| Potion of Healing | 5 | |
| Scroll of Speed | 1 | |
| Scroll of Healing | 1 | |
| Scroll of Protection | 1 | |
| Dust of Appearance | 1 | |
25 total

»
O-o_ (
teal | 110 APM | 5816 actions | 52:42)
7 Demon Hunter
3 Mana Burn
3 Evasion
1 Metamorphosis
5 Priestess of the Moon
3 Trueshot Aura
2 Scout
» actions
| Assign group hotkey | 179 | |
| Basic commands | 6 | |
| Build / train | 188 | |
| ESC pressed | 11 | |
| Enter build submenu | 64 | |
| Enter hero's abilities submenu | 12 | |
| Give item / drop item | 12 | |
| Right click | 2718 | |
| Select / deselect | 1725 | |
| Select group hotkey | 564 | |
| Use ability | 337 | |
5816 total
» units
| Wisp | 58 | |
| Archer | 8 | |
| Hippogryph | 10 | |
| Chimaera | 20 | |
| Druid of the Talon | 6 | |
| Glaive Thrower | 7 | |
109 total
» upgrades
| Improved Bows | 1 | |
| Strength of the Wild | 3 | |
| Druid of the Talon Training | 2 | |
| Moon Armor | 1 | |
| Reinforced Hides | 3 | |
| Corrosive Breath | 1 | |
| Nature's Blessing | 1 | |
| Ultravision | 1 | |
| Vorpal Blades | 1 | |
| Strength of the Moon | 2 | |
16 total
» buildings
| Altar of Elders | 1 | |
| Moon Well | 14 | |
| Ancient of War | 18 | |
| Ancient of Wonders | 2 | |
| Tree of Life | 6 | |
| Tree of Ages | 2 | |
| Hunter's Hall | 3 | |
| Tree of Eternity | 2 | |
| Ancient of Wind | 6 | |
| Chimaera Roost | 3 | |
57 total
» build order
00:15 Altar of Elders
00:27 Moon Well
00:55 Ancient of War
01:56 Moon Well
02:25 Ancient of Wonders
02:58 Moon Well
03:26 Tree of Life
04:12 Tree of Ages
05:15 Hunter's Hall
07:41 Tree of Eternity
08:27 Tree of Life
09:04 Moon Well
09:06 Tree of Life
10:02 Ancient of Wind
10:29 Moon Well
11:24 Chimaera Roost
11:27 Chimaera Roost
11:27 Chimaera Roost
11:41 Moon Well
11:45 Moon Well
12:44 Ancient of Wind
13:46 Moon Well
15:23 Tree of Life
15:33 Moon Well
18:04 Tree of Ages
21:22 Tree of Life
24:48 Moon Well
26:33 Tree of Life
26:52 Ancient of War
26:53 Ancient of War
26:53 Ancient of War
26:54 Ancient of War
28:12 Ancient of Wind
30:46 Tree of Eternity
30:52 Ancient of Wonders
33:26 Ancient of War
33:36 Ancient of War
33:38 Ancient of War
34:20 Ancient of War
34:31 Ancient of War
37:48 Ancient of War
37:49 Ancient of War
37:50 Ancient of War
37:50 Ancient of War
38:11 Ancient of War
38:18 Ancient of Wind
38:46 Hunter's Hall
41:38 Hunter's Hall
42:14 Moon Well
43:31 Moon Well
48:14 Ancient of War
48:16 Ancient of War
48:18 Moon Well
48:19 Moon Well
48:19 Ancient of War
50:19 Ancient of Wind
51:44 Ancient of Wind
» items
| Dust of Appearance | 7 | |
| Potion of Healing | 17 | |
| Staff of Preservation | 2 | |
| Scroll of Town Portal | 6 | |
| Orb of Venom | 1 | |
| Potion of Lesser Invulnerability | 1 | |
| Staff of Teleportation | 1 | |
| Scroll of Healing | 1 | |
| Anti-magic Potion | 2 | |
| Scroll of Regeneration | 2 | |
| Lesser Clarity Potion | 2 | |
42 total
ReaIMadrid (
orange | 67 APM | 3541 actions | 52:42)
6 Mountain King
3 Storm Bolt
2 Bash
1 Avatar
5 Paladin
3 Holy Light
2 Divine Shield
» actions
| Assign group hotkey | 49 | |
| Basic commands | 79 | |
| Build / train | 154 | |
| ESC pressed | 9 | |
| Enter build submenu | 38 | |
| Enter hero's abilities submenu | 11 | |
| Give item / drop item | 4 | |
| Right click | 1236 | |
| Select / deselect | 808 | |
| Select group hotkey | 994 | |
| Use ability | 159 | |
3541 total
» units
| Peasant | 54 | |
| Rifleman | 7 | |
| Forest Troll Shadow Priest | 1 | |
| Siege Engine | 13 | |
| Knight | 4 | |
| Mortar Team | 14 | |
| Dragonhawk Rider | 8 | |
101 total
» upgrades
| Gunpowder | 3 | |
| Plating | 3 | |
| Barrage | 1 | |
| Masonry | 3 | |
| Swords | 1 | |
| Flare | 1 | |
| Cloud | 1 | |
| Lumber Harvesting | 1 | |
| Armor | 2 | |
| Fragmentation Shards | 1 | |
17 total
» buildings
| Barracks | 2 | |
| Blacksmith | 1 | |
| Farm | 11 | |
| Altar of Kings | 1 | |
| Scout Tower | 7 | |
| Arcane Tower | 1 | |
| Arcane Vault | 3 | |
| Town Hall | 4 | |
| Keep | 1 | |
| Lumber Mill | 3 | |
| Workshop | 3 | |
| Castle | 1 | |
| Guard Tower | 1 | |
| Gryphon Aviary | 2 | |
41 total
» build order
01:22 Barracks
01:24 Blacksmith
01:37 Farm
01:54 Altar of Kings
02:00 Farm
02:32 Scout Tower
02:46 Barracks
02:55 Farm
03:05 Farm
03:24 Arcane Tower
03:29 Arcane Vault
03:52 Farm
05:31 Town Hall
06:08 Keep
08:00 Farm
08:01 Farm
08:03 Lumber Mill
08:34 Workshop
08:35 Workshop
08:39 Workshop
08:56 Farm
08:58 Farm
09:50 Castle
14:41 Town Hall
14:52 Farm
15:29 Farm
16:40 Scout Tower
16:41 Scout Tower
16:42 Scout Tower
16:44 Scout Tower
16:45 Scout Tower
16:48 Scout Tower
18:01 Guard Tower
18:39 Town Hall
23:55 Lumber Mill
31:10 Town Hall
33:52 Gryphon Aviary
33:53 Gryphon Aviary
43:48 Lumber Mill
47:07 Arcane Vault
47:08 Arcane Vault
» items
| Lesser Clarity Potion | 5 | |
| Scroll of Regeneration | 2 | |
| Scroll of Town Portal | 3 | |
| Potion of Lesser Invulnerability | 1 | |
| Dust of Appearance | 2 | |
| Orb of Lightning | 1 | |
| Potion of Healing | 4 | |
18 total
Komucap (
red | 37 APM | 1928 actions | 52:42)
5 Far Seer
3 Feral Spirit
2 Chain Lighting
3 Shadow Hunter
1 Hex
2 Healing Wave
4 Blademaster
2 Mirror Image
2 Critical Strike
» actions
| Assign group hotkey | 59 | |
| Build / train | 129 | |
| Enter build submenu | 34 | |
| Enter hero's abilities submenu | 12 | |
| Give item / drop item | 1 | |
| Remove unit from queue | 5 | |
| Right click | 510 | |
| Select / deselect | 668 | |
| Select group hotkey | 314 | |
| Use ability | 196 | |
1928 total
» units
| Peon | 30 | |
| Grunt | 6 | |
| Troll Witch Doctor | 5 | |
| Shaman | 6 | |
| Troll Batrider | 11 | |
| Wind Rider | 4 | |
| Tauren | 4 | |
| Spirit Walker | 3 | |
69 total
» upgrades
| Pillage | 1 | |
| Witch Doctor Training | 2 | |
| Shaman Training | 2 | |
| Reinforced Defenses | 1 | |
| Liquid Fire | 1 | |
| Envenomed Spears | 1 | |
| Ranged Weapons | 3 | |
| Armor | 3 | |
| Melee Weapons | 4 | |
| Pulverize | 1 | |
| Burning Oil | 1 | |
| Spirit Walker Training | 2 | |
| Spiked Barricades | 2 | |
24 total
» buildings
| Orc Burrow | 10 | |
| Altar of Storms | 1 | |
| Barracks | 1 | |
| Voodoo Lounge | 2 | |
| War Mill | 1 | |
| Stronghold | 1 | |
| Great Hall | 4 | |
| Spirit Lodge | 2 | |
| Fortress | 1 | |
| Beastiary | 3 | |
| Watch Tower | 5 | |
| Tauren Totem | 2 | |
33 total
» build order
00:21 Orc Burrow
00:27 Altar of Storms
01:06 Barracks
01:48 Orc Burrow
02:19 Voodoo Lounge
03:39 War Mill
04:35 Stronghold
04:39 Orc Burrow
05:34 Great Hall
08:52 Spirit Lodge
09:04 Spirit Lodge
09:27 Fortress
10:37 Beastiary
11:04 Watch Tower
13:00 Orc Burrow
13:09 Voodoo Lounge
13:19 Orc Burrow
14:46 Watch Tower
14:48 Watch Tower
14:50 Watch Tower
15:11 Orc Burrow
15:38 Orc Burrow
16:37 Beastiary
16:46 Orc Burrow
19:18 Orc Burrow
19:22 Beastiary
23:35 Orc Burrow
26:18 Tauren Totem
26:20 Tauren Totem
29:10 Great Hall
32:35 Great Hall
44:02 Watch Tower
49:20 Great Hall
» items
| Healing Salve | 2 | |
| Lesser Clarity Potion | 3 | |
| Scroll of Town Portal | 5 | |
| Orb of Lightning | 1 | |
| Scroll of Protection | 2 | |
| Periapt of Vitality | 1 | |
14 total
Chat log
(00:06 / All) nlggerwcrmods: lets play
(00:09 / All) nlggerwcrmods: im going to dick around
(00:23 / All) WesFSTGDB: want to just idle hero? Like old times?
(02:36 / Allies) ReaIMadrid: i suggest we rush
(02:39 / Allies) ReaIMadrid: 2 of em seem teching
(05:05 / All) nlggerwcrmods: teal u suck
(05:50 / All) nlggerwcrmods: lol red
(07:04 / All) nlggerwcrmods: teal you're a dead man
(07:19 / All) nlggerwcrmods: for every tower u kill ill make 2 more
(07:22 / All) nlggerwcrmods: rememer that
(09:11 / Allies) ReaIMadrid: lumber plz?
(11:17 / All) nlggerwcrmods: hi teal
(11:45 / All) nlggerwcrmods: lol
(11:57 / All) nlggerwcrmods: tryng too hard man
(12:55 / Allies) Komucap: ty
(13:38 / All) nlggerwcrmods: good dust
(13:48 / Allies) Komucap: help
(13:54 / Allies) O-o_: ебанный нуб
(13:55 / Allies) O-o_: пиздец
(14:13 / Allies) O-o_: мудила
(14:14 / Allies) O-o_: бля
(16:55 / All) WesFSTGDB: nice air vs tanks there
(18:26 / Allies) ReaIMadrid: BACJ
(19:07 / Allies) ReaIMadrid: plz get some units purp?
(19:14 / Allies) ReaIMadrid: lumber me at least?
(19:23 / Allies) ReaIMadrid: plz
(19:27 / All) WesFSTGDB: sorry no lumber, it's against the rules =\
(19:42 / Allies) ReaIMadrid: cmon i need bad
(20:43 / All) WesFSTGDB: fucking gay ass b.net
(21:42 / All) WesFSTGDB: whoa
(21:44 / All) WesFSTGDB: excuse me
(22:32 / Allies) O-o_: fuck u
(22:33 / Allies) O-o_: noobs
(22:39 / Allies) ReaIMadrid: go
(22:46 / Allies) O-o_: heal
(22:46 / Allies) O-o_: me
(22:51 / All) nlggerwcrmods: no nerd
(23:07 / Allies) Komucap: sec
(23:13 / Allies) Komucap: heal ward
(25:34 / Allies) O-o_: nerd
(25:36 / Allies) O-o_: :<
(26:03 / All) nlggerwcrmods: BLUE SAID WE LOST
(26:04 / All) nlggerwcrmods: FUCK
(26:11 / All) WesFSTGDB: lol
(27:09 / Allies) O-o_:
(27:52 / Allies) ReaIMadrid: back
(28:59 / All) lo-lo: anti tank base
(30:19 / All) nlggerwcrmods: FIGHT AT TOWERS LOL
(30:29 / All) ReaIMadrid: wow whats the point?
(30:36 / All) nlggerwcrmods: dodge?
(30:38 / All) ReaIMadrid: making the gayest longest game ever?
(30:45 / All) nlggerwcrmods: u mad?
(30:57 / All) ReaIMadrid: bored describes it more
(31:00 / All) ReaIMadrid: better
(31:03 / All) nlggerwcrmods: thenw in
(31:06 / All) nlggerwcrmods: win
(32:22 / Allies) Komucap: repair tanks
(32:37 / Allies) WesFSTGDB: as soon as my construction project is done
(32:42 / Allies) WesFSTGDB: i'll send in CE
(32:49 / Allies) ReaIMadrid: ce+
(32:51 / All) nlggerwcrmods: lawl
(32:51 / Allies) ReaIMadrid: +
(33:55 / All) nlggerwcrmods: im coming nigger teal
(33:59 / All) nlggerwcrmods: towers and all
(34:10 / All) nlggerwcrmods: KLOL
(34:12 / All) lo-lo: lmao
(34:18 / All) O-o_: leave :)
(34:21 / All) lo-lo: the greatest tower rush ever
(35:37 / All) nlggerwcrmods: towers be damned
(35:53 / All) nlggerwcrmods: fuck was massing towers
(37:12 / All) nlggerwcrmods: PUSH MEN
(42:00 / Allies) ReaIMadrid: lol
(42:18 / Allies) WesFSTGDB: he left so rules can be borken =\
(42:40 / Allies) O-o_: ty
(42:43 / Allies) ReaIMadrid: u get some stuff
(43:59 / Allies) WesFSTGDB: you all have so much gold, how are you not massing?
(44:11 / Allies) ReaIMadrid: i am
(47:12 / Allies) O-o_: oj
(47:16 / Allies) O-o_: wood me pls
(47:27 / Allies) O-o_: ty
(49:47 / All) tutankamote: assholes
(49:47 / All) tutankamote: wtf
(50:27 / All) WesFSTGDB: "fuck this game, plz fuck you, assholes, wtf"
(50:41 / All) O-o_: mexican?
(51:19 / All) ReaIMadrid: leave
(51:51 / Allies) WesFSTGDB: come with me
(52:01 / Allies) WesFSTGDB: come here red
(52:06 / Allies) WesFSTGDB: wow fag
(52:07 / Allies) Komucap: where?